General information
- name: BNet
- type: Ladder team game (AT/RT)
- host: Battle.net
- saver: broken_english
map: CentaurGrove
- players: 4
- length: 14:29
- speed: Fast
- version: 1.26 W3XP
- replay type: Public
» download(54 KB)
Players
team 1 (winner)

»
broken_english (
pink | 95 APM | 1374 actions | 14:29)
4 Archmage
2 Summon Water Elemental
2 Brilliance Aura
2 Goblin Tinker
1 Pocket Factory
1 Engineering Upgrade
» actions
| Assign group hotkey | 35 | |
| Basic commands | 95 | |
| Build / train | 101 | |
| Enter build submenu | 41 | |
| Enter hero's abilities submenu | 6 | |
| Give item / drop item | 2 | |
| Right click | 470 | |
| Select / deselect | 288 | |
| Select group hotkey | 252 | |
| Use ability | 84 | |
1374 total
» units
| Peasant | 22 | |
| Footman | 6 | |
| Acolyte | 8 | |
| Ghoul | 1 | |
| Crypt Fiend | 6 | |
| Goblin Shredder | 1 | |
| Rifleman | 3 | |
| Frost Wyrm | 1 | |
48 total
» upgrades
| Web | 1 | |
| Creature Attack | 1 | |
| Creature Carapace | 1 | |
| Gunpowder | 1 | |
| Long Rifles | 1 | |
| Swords | 1 | |
| Armor | 1 | |
7 total
» buildings
| Barracks | 1 | |
| Altar of Kings | 1 | |
| Farm | 5 | |
| Scout Tower | 16 | |
| Arcane Tower | 7 | |
| Nerubian Tower | 3 | |
| Graveyard | 1 | |
| Lumber Mill | 1 | |
| Ziggurat | 5 | |
| Halls of the Dead | 4 | |
| Guard Tower | 10 | |
| Necropolis | 1 | |
| Spirit Tower | 4 | |
| Crypt | 1 | |
| Town Hall | 1 | |
| Black Citadel | 2 | |
| Keep | 1 | |
| Blacksmith | 1 | |
| Sacrificial Pit | 1 | |
| Boneyard | 4 | |
| Castle | 1 | |
| Gryphon Aviary | 3 | |
74 total
» build order
00:12 Barracks
00:24 Altar of Kings
00:41 Farm
01:12 Farm
02:22 Farm
03:22 Scout Tower
03:38 Scout Tower
03:46 Arcane Tower
03:46 Arcane Tower
03:52 Scout Tower
04:32 Nerubian Tower
04:35 Graveyard
04:37 Nerubian Tower
04:49 Lumber Mill
05:06 Arcane Tower
05:10 Farm
05:18 Ziggurat
05:24 Halls of the Dead
05:24 Halls of the Dead
05:25 Halls of the Dead
05:27 Ziggurat
05:31 Scout Tower
05:49 Guard Tower
06:02 Farm
06:10 Arcane Tower
06:26 Scout Tower
06:35 Nerubian Tower
06:36 Ziggurat
06:42 Necropolis
06:50 Scout Tower
06:52 Scout Tower
07:02 Guard Tower
07:22 Scout Tower
07:25 Scout Tower
07:27 Scout Tower
07:32 Guard Tower
07:32 Guard Tower
07:34 Spirit Tower
07:42 Guard Tower
08:26 Crypt
08:40 Scout Tower
08:41 Scout Tower
08:41 Scout Tower
08:42 Scout Tower
08:50 Guard Tower
09:36 Town Hall
09:41 Guard Tower
09:42 Arcane Tower
09:45 Black Citadel
09:54 Scout Tower
09:55 Scout Tower
11:07 Keep
11:09 Blacksmith
11:21 Guard Tower
11:22 Guard Tower
11:23 Guard Tower
11:26 Sacrificial Pit
12:20 Boneyard
12:21 Boneyard
12:26 Boneyard
12:27 Boneyard
12:28 Ziggurat
12:29 Ziggurat
13:29 Spirit Tower
13:56 Castle
13:59 Gryphon Aviary
13:59 Gryphon Aviary
14:00 Gryphon Aviary
» items
| Rod of Necromancy | 1 | |
| Dust of Appearance | 1 | |
| Boots of Speed | 2 | |
| Orb of Corruption | 1 | |
| Scroll of Town Portal | 1 | |
| Scroll of Healing | 1 | |
7 total

»
gall (
orange | 81 APM | 290 actions | 03:36)
2 Goblin Tinker
1 Pocket Factory
1 Engineering Upgrade
» actions
| Assign group hotkey | 33 | |
| Basic commands | 4 | |
| Build / train | 18 | |
| Enter build submenu | 10 | |
| Enter hero's abilities submenu | 2 | |
| Right click | 144 | |
| Select / deselect | 39 | |
| Select group hotkey | 27 | |
| Use ability | 13 | |
290 total
» units
» buildings
| Crypt | 1 | |
| Ziggurat | 3 | |
| Necropolis | 1 | |
| Altar of Darkness | 1 | |
| Tomb of Relics | 2 | |
8 total
» build order
00:16 Crypt
00:20 Ziggurat
00:50 Necropolis
01:24 Altar of Darkness
01:29 Ziggurat
02:48 Tomb of Relics
02:50 Tomb of Relics
03:06 Ziggurat
team 2 (loser)

»
EliteProGamer (
red | 48 APM | 688 actions | 14:25)
4 Blademaster
2 Wind Walk
2 Critical Strike
» actions
| Build / train | 46 | |
| Enter build submenu | 22 | |
| Enter hero's abilities submenu | 4 | |
| Remove unit from queue | 1 | |
| Right click | 297 | |
| Select / deselect | 283 | |
| Use ability | 35 | |
688 total
» units
| Peon | 16 | |
| Grunt | 3 | |
| Wind Rider | 7 | |
| Raider | 7 | |
33 total
» upgrades
» buildings
| Altar of Storms | 1 | |
| Orc Burrow | 5 | |
| War Mill | 1 | |
| Voodoo Lounge | 1 | |
| Barracks | 1 | |
| Stronghold | 1 | |
| Great Hall | 2 | |
| Beastiary | 2 | |
| Watch Tower | 2 | |
16 total
» build order
00:07 Altar of Storms
00:11 Orc Burrow
00:57 War Mill
01:16 Voodoo Lounge
01:39 Barracks
01:57 Orc Burrow
03:26 Stronghold
05:42 Orc Burrow
05:57 Great Hall
06:06 Beastiary
06:11 Beastiary
06:26 Watch Tower
07:46 Orc Burrow
08:57 Orc Burrow
11:25 Watch Tower
13:13 Great Hall
» items
| Healing Salve | 3 | |
| Lesser Clarity Potion | 1 | |
4 total
SaVior. (
yellow | 15 APM | 223 actions | 14:28)
1 Mountain King
1 Storm Bolt
» actions
| Build / train | 14 | |
| Enter build submenu | 7 | |
| Enter hero's abilities submenu | 1 | |
| Right click | 71 | |
| Select / deselect | 114 | |
| Use ability | 16 | |
223 total
» units
» buildings
| Altar of Kings | 1 | |
| Farm | 3 | |
| Barracks | 1 | |
| Blacksmith | 1 | |
| Arcane Vault | 1 | |
7 total
» build order
00:07 Altar of Kings
00:13 Farm
00:52 Barracks
01:10 Farm
01:40 Blacksmith
01:52 Farm
02:10 Arcane Vault
Chat log
(00:03 / Allies) broken_english: place the tp
(00:05 / Allies) broken_english: tp miltait
(00:13 / Allies) gall: orc?
(00:18 / Allies) broken_english: closest guy
(01:01 / Allies) gall: cant tell if he can see me
(01:07 / Allies) gall: cant tp up ramp
(01:07 / Allies) broken_english: u cant tp uphill
(01:13 / Allies) gall: if i had come in from south
(01:17 / Allies) gall: could have put town up there
(01:18 / Allies) gall: and not in way
(01:21 / Allies) broken_english: w/e
(01:26 / Allies) broken_english: lets just cross our fingers
(01:33 / Allies) broken_english: send ur aco to tav
(01:36 / Allies) broken_english: so ur fags can walk straight htere
(02:05 / Allies) broken_english: send ur ghouls
(02:07 / Allies) broken_english: now
(02:09 / Allies) broken_english: str8 to his base
(03:36 / Allies) gall: harnacle
(09:20 / All) broken_english: your plan was wyvs?
(09:22 / All) broken_english: can you pls leave
(09:25 / All) broken_english: i want to do some more ats
(10:31 / All) broken_english: let the desperate hero clicking commence!
(10:42 / All) broken_english: YOU GOT HIM!
(10:44 / All) broken_english: YIOU WON!
(11:35 / All) broken_english: "DONT WORRY BUD
(11:40 / All) broken_english: "HES ONLY GOT ONE HERO LEFT
(11:46 / All) broken_english: "ALL I HAVE TO DO IS KILLT HE MAGE WITH MY BM
(11:48 / All) broken_english: "EASY WIN
(14:22 / All) broken_english: sO CLOSE